 Dungeon Crawl Stone Soup version 0.24-a0-19-g0b81bb8 (webtiles) character file.

Game seed: 3922371278502290241

181 David the Chucker (level 5, 0/41 HPs)
             Began as a Human Abyssal Knight on Feb 1, 2019.
             Was a Believer of Lugonu.
             Slain by a mummy (12 damage)
             ... on level 4 of the Dungeon.
             The game lasted 00:14:15 (3913 turns).

David the Chucker (Human Abyssal Knight)            Turns: 3913, Time: 00:14:15

Health: 0/41       AC: 11    Str: 14    XL:     5   Next: 92%
Magic:  6/6        EV: 11    Int: 12    God:    Lugonu [**....]
Gold:   101        SH:  0    Dex: 12    Spells: 4/4 levels left

rFire    . . .     SeeInvis .     - Unarmed
rCold    . . .     Gourm    +   (no shield)
rNeg     . . .     Faith    .   a - +1 leather armour
rPois    .         Spirit   .   (no helmet)
rElec    .         Reflect  .   r - +0 cloak
rCorr    .         Harm     .   p - +0 pair of gloves
MR       .....                  (no boots)
Stlth    +.........             m - amulet of the gourmand
HPRegen  0.13/turn              j - +5 ring of protection
MPRegen  0.10/turn              (no ring)

@: no status effects
A: no striking features
a: Depart the Abyss, Bend Space, Renounce Religion


You were on level 4 of the Dungeon.
You worshipped Lugonu.
Lugonu was pleased with you.
You were hungry.

You visited 1 branch of the dungeon, and saw 4 of its levels.
You visited the Abyss 1 time.

You collected 101 gold pieces.

Inventory:

Missiles
 d - 146 stones (quivered)
 e - 30 sling bullets
 f - 33 bolts
Armour
 a - a +1 leather armour (worn)
 p - a +0 pair of gloves (worn)
 r - a +0 cloak (worn)
Jewellery
 j - a +5 ring of protection (left hand)
 m - an amulet of the gourmand (around neck)
Scrolls
 c - 3 scrolls of identify
 g - 4 scrolls of teleportation
 i - a scroll of enchant weapon
 k - a scroll of blinking {unknown}
Potions
 h - a potion of invisibility
 l - a potion of cancellation
 n - a potion of degeneration {unknown}
 o - a potion of curing {unknown}
 q - a potion of agility {unknown}
Comestibles
 b - 3 rations


   Skills:
 - Level 3.0 Fighting
 + Level 4.5 Throwing
 - Level 2.0 Armour
 - Level 1.0 Dodging
 - Level 3.1 Unarmed Combat
 - Level 2.0 Invocations


You had 4 spell levels left.
You didn't know any spells.
Your spell library was empty.

Dungeon Overview and Level Annotations

Branches:
Dungeon (4/15)
 Temple: D:4-7

Altars:
Okawaru

Annotations:
D:4 1 runed translucent door, jagoly's ghost, amateur BaSu


Message History

The crimson imp closely misses you.
You hit the crimson imp.
The crimson imp is heavily wounded.
The crimson imp hits you but does no damage.
You hit the crimson imp but do no damage.
The crimson imp is heavily wounded.
The crimson imp disappears for a moment.
The crimson imp closely misses you.
You closely miss the crimson imp.
The crimson imp is heavily wounded.
A mummy comes into view.
The crimson imp hits you.
* * * LOW HITPOINT WARNING * * *
You closely miss the crimson imp.
The crimson imp is moderately wounded.
You hit the crimson imp.
The crimson imp is heavily wounded.
The crimson imp hits you but does no damage.
The mummy hits you!
You die...

.. #.##.(# #..##...
.. #(#..# ....##W#
..#.####(.(# #..###
........>(## ##....
..####..#(.## ##.#>
........##.(## #
#... .######†###(.##
.### ###. #†#
##.5##...## #. ##l#
##.@#....# #.
#.#####.#.##
##.M.#..# #.
#.....###.# #(.##..#
#######.
#.#####.#..#
#.###..# #.....).
##†#.# #.# #..#
#.#####.
#.#.####.###..####.#
#.
#.#................#
#.
#.###.###...#.######
#. ........# #.###.#
#.


You could see a mummy and a crimson imp.

Vanquished Creatures
  A howler monkey (D:4)
  A worker ant (D:4)
  3 adders
  3 worms (D:2)
  A dart slug (D:2)
  5 leopard geckos
  2 orcs (D:3)
  A giant cockroach (D:1)
  2 goblins
  6 hobgoblins
  6 jackals
  9 kobolds
  3 quokkas
  4 ball pythons (D:1)
  11 bats
  3 frilled lizards
  12 rats
73 creatures vanquished.

Notes
Turn   | Place    | Note
-------+----------+-------------------------------------------
     0 | Abyss:1  | David the Human Abyssal Knight began the quest for the Orb.
     0 | Abyss:1  | Reached XP level 1. HP: 18/18 MP: 2/2
     0 | D:1      | Escaped the Abyss
    40 | D:1      | Reached * piety under Lugonu
    51 | D:1      | Reached XP level 2. HP: 21/24 MP: 3/3
   577 | D:1      | Reached XP level 3. HP: 29/29 MP: 4/4
   627 | D:1      | Reached skill level 1 in Throwing
  1333 | D:2      | Reached ** piety under Lugonu
  1333 | D:2      | Reached skill level 2 in Throwing
  1640 | D:2      | Reached XP level 4. HP: 35/35 MP: 5/5
  1656 | D:2      | Found a faded altar of an unknown god.
  2255 | D:2      | You fall through a shaft!
  2589 | D:3      | Reached skill level 3 in Throwing
  3335 | D:1      | Reached XP level 5. HP: 19/41 MP: 6/6
  3632 | D:2      | Found an iron altar of Okawaru.
  3694 | D:4      | Noticed jagoly's ghost (amateur BaSu)
  3708 | D:4      | Found a runed translucent door.
  3780 | D:4      | Reached skill level 4 in Throwing
  3913 | D:4      | Slain by a mummy

Vault maps used:
D:1:      onia_arrival_handbag, minmay_shallow_snake_nest
D:2:      minmay_diamond_boxcup, lemuel_round_altar,
          chequers_ecumenical_altar_grove
D:3:      minmay_octagon_keep
D:4:      gup_ossuary_entry_pyramid, hellmonk_ghost_happy_afterlife,
          serial_shops, kennysheep_mini, nicolae_ru_the_path_less_chosen,
          uniq_duvessa

Skill      XL: |  1  2  3  4  5 |
---------------+----------------+-----
Unarmed Combat | 3 |  3.1
Throwing       | 2 3 4 |  4.5
Fighting       | |  3.0
Armour         | |  2.0
Dodging        | |  1.0
Invocations    | |  2.0

Action                   |  1- 3 |  4- 6 || total
-------------------------+-------+-------++-------
Melee: Unarmed           |   159 |   266 ||   425
       Punch             |     2 |     3 ||     5
Throw: Stone             |     6 |    62 ||    68
Invok: Depart the Abyss  |     1 |       ||     1
  Use: Scroll            |     8 |       ||     8
 Stab: Sleeping          |     1 |       ||     1
  Eat: Ration            |     1 |       ||     1
       Chunk             |       |     6 ||     6
Armor: Leather armour    |    88 |   109 ||   197
Dodge: Dodged            |   111 |   161 ||   272

Table legend:
 A = Non-vault XP
 B = Vault XP
 C = Vault XP percentage of total XP
 D = Non-vault monster count
 E = Vault monster count
 F = Vault count percentage of total count
                 A         B        C        D         E       F
            +---------+---------+-------+---------+---------+-------
      Total |     222 |      37 |  14.3 |      56 |      17 |  23.3
            +---------+---------+-------+---------+---------+-------
        D:1 |      55 |       8 |  12.7 |      27 |       8 |  22.9
        D:2 |      48 |      29 |  37.7 |      15 |       9 |  37.5
        D:3 |      17 |       0 |   0.0 |       9 |       0 |   0.0
        D:4 |     102 |       0 |   0.0 |       5 |       0 |   0.0
            +---------+---------+-------+---------+---------+-------
